 Dungeon Crawl Stone Soup version 0.27-a0-1308-gc08437e49b (webtiles) character file.

Game seed: 16910187989397910997

190685 senseless the Slicer (level 17, -2/133 HPs)
             Began as a Demonspawn Gladiator on June 17, 2021.
             Was the Champion of Cheibriados.
             Succumbed to poison (poison gas)
             ... on level 4 of the Swamp on June 18, 2021.
             The game lasted 02:36:49 (41096 turns).

senseless the Slicer (Demonspawn Gladiator)        Turns: 41096, Time: 02:36:50

Health: -2/133     AC: 30    Str: 32    XL:     17   Next: 98%
Magic:  31/31      EV: 21    Int: 29    God:    Cheibriados [******]
Gold:   2743       SH:  0    Dex: 25    Spells: 25/36 levels left

rFire    + + +     SeeInvis +   i - +9 short sword (spect)
rCold    . . .     Faith    .   g - +3 buckler
rNeg     + . .     Spirit   .   U - +8 ring mail "Ihudowa" {rF++ rCorr Dex-5}
rPois    .         Reflect  +   (helmet unavailable)
rElec    .         Harm     .   n - +2 cloak {Stlth+}
rCorr    +         Rampage  .   C - +3 pair of gauntlets of War {Slay+5}
Will     ++...                  h - +2 pair of boots
Stlth    ++........             A - amulet of reflection
HPRegen  0.32/turn              x - ring of positive energy
MPRegen  0.22/turn              Z - +4 ring of slaying

@: confused, lethally poisoned (-2 -> -93), ambrosia-drunk, marked, very slow
A: antennae 3, molten scales 3, ignite blood 1, spiny 2, demonic willpower
a: Renounce Religion, Bend Time, Temporal Distortion, Slouch, Step From Time


You were on level 4 of the Swamp.
You worshipped Cheibriados.
Cheibriados was exalted by your worship.
You visited 7 branches of the dungeon, and saw 31 of its levels.
You visited the Abyss 1 time.
You visited 1 bazaar.
You also visited: Ossuary.

You collected 3968 gold pieces.
You spent 1225 gold pieces at shops.

Inventory:

Hand Weapons
 i - a +9 spectral short sword (weapon)
Missiles
 j - 10 poisoned darts (quivered)
 m - 5 atropa-tipped darts
 u - 5 curare-tipped darts
 L - 8 silver boomerangs
 O - 14 javelins
Armour
 g - a +3 buckler (worn)
 h - a +2 pair of boots (worn)
 l - a scarf of repulsion
 n - a +2 cloak of stealth (worn)
 C - the +3 pair of gauntlets of War (worn) {Slay+5}
   (You bought it in a shop on level 3 of the Dungeon)

   It affects your accuracy and damage with ranged weapons and melee attacks
   (+5).
 U - the +8 ring mail "Ihudowa" (worn) {rF++ rCorr Dex-5}
   (You bought it in a shop in a bazaar)

   It affects your dexterity (-5).
   It greatly protects you from fire.
   It protects you from acid and corrosion.
Jewellery
 b - a ring of magical power
 c - the amulet "Mexkeyti" {RegenMP rF+ Will+}
   (You acquired it on level 4 of the Dungeon)

   [amulet of magic regeneration]

   It increases your rate of magic regeneration.
   It protects you from fire.
   It increases your willpower.
 x - a ring of positive energy (left hand)
 A - an amulet of reflection (around neck)
 D - a ring of magical power
 F - a ring of willpower
 G - a ring of wizardry
 H - a +6 ring of intelligence
 I - a ring of wizardry
 R - an amulet of faith
 Y - a ring of ice
 Z - a +4 ring of slaying (right hand)
Wands
 a - a wand of paralysis (4)
 d - a wand of digging (6)
 r - a wand of mindburst (15)
 v - a wand of iceblast (62)
 y - a wand of charming (22)
 z - a wand of polymorph (19)
 B - a wand of flame (14)
 K - a wand of acid (18)
Scrolls
 e - 5 scrolls of fog
 f - 3 scrolls of fear
 p - a scroll of magic mapping
 q - 8 scrolls of teleportation
 t - 2 scrolls of summoning
 E - a scroll of blinking
 M - 5 scrolls of enchant weapon
 N - a scroll of silence
 S - a scroll of enchant armour
Potions
 k - 3 potions of resistance
 o - 3 potions of magic
 s - a potion of heal wounds
 w - a potion of mutation
 J - 7 potions of ambrosia
 P - a potion of flight
 Q - 3 potions of might
 T - 2 potions of brilliance
 V - 3 potions of curing
 W - 3 potions of cancellation
 X - a potion of invisibility


   Skills:
 + Level 12.1 Fighting
 + Level 12.2 Short Blades
 - Level 3.0 Axes
 + Level 10.8 Throwing
 + Level 10.9 Armour
 + Level 11.6 Dodging
 - Level 3.0 Stealth
 + Level 11.0 Shields
 + Level 10.3 Spellcasting
 + Level 12.1 Necromancy


You had 25 spell levels left.
You knew the following spells:

 Your Spells              Type           Power      Damage    Failure   Level
a - Pain                  Necr           100%       1d9       1%          1
b - Wereblood             Tmut           15%        N/A       7%          2
c - Agony                 Necr           71%        N/A       1%          5
d - Stone Arrow           Conj/Erth      30%        3d8       14%         3

Your spell library contained the following spells:

 Spells                   Type           Power      Damage    Failure   Level
 Animate Skeleton         Necr           100%       N/A       1%          1
 Sublimation of Blood     Necr           35%        N/A       1%          2
 Vampiric Draining        Necr           35%        2d11      1%          3
 Animate Dead             Necr           35%        N/A       1%          4
 Beastly Appendage        Tmut           30%        N/A       4%          1
 Foxfire                  Conj/Fire      60%        2x1d7     4%          1
 Sandblast                Erth           30%        2d9       4%          1
 Passwall                 Tmut/Erth      12%        N/A       7%          2
 Confusing Touch          Hex            15%        N/A       14%         3
 Gell's Gravitas          Tloc           7%         N/A       14%         3
 Ignite Poison            Fire/Tmut/Pois 15%        N/A       14%         3
 Spider Form              Tmut/Pois      7%         N/A       14%         3
 Cause Fear               Hex            7%         N/A       41%         4
 Ice Form                 Ice/Tmut       15%        N/A       41%         4
 Petrify                  Tmut/Erth      15%        N/A       41%         4
 Alistair's Intoxication  Tmut/Pois      10%        N/A       77%         5
 Bolt of Magma            Conj/Fire/Erth 7%         4d6       77%         5
 Irradiate                Conj/Tmut      7%         3d15      77%         5
 Iskenderun's Battlesphe  Conj           15%        2d7       77%         5
 Lee's Rapid Deconstruct  Erth           7%         3d8*      77%         5
 Metabolic Englaciation   Hex/Ice        7%         N/A       77%         5
 Yara's Violent Unravell  Hex/Tmut       7%         3d5       77%         5
 Eringya's Noxious Bog    Tmut/Pois      7%         N/A       100%        6
 Iron Shot                Conj/Erth      7%         9d2       100%        6
 Statue Form              Tmut/Erth      10%        N/A       100%        6
 Dragon Form              Tmut           7%         N/A       100%        7
 Orb of Destruction       Conj           7%         9d3       100%        7
 Spellforged Servitor     Conj/Summ      7%         N/A       100%        7
 Dragon's Call            Summ           7%         N/A       100%        9
 Shatter                  Erth           7%         3d10*     100%        9


Dungeon Overview and Level Annotations

Branches:
Dungeon (15/15)            Temple (1/1) D:5            Lair (6/6) D:10
  Swamp (4/4) Lair:3        Snake (0/4) Lair:3        Slime (0/5) Lair:6
    Orc (2/2) D:12            Elf (2/3) Orc:2        Vaults (0/5) D:14
 Depths (1/5) D:15        Ossuary (visited)

Altars:
Ashenzari
Cheibriados
Dithmenos
Elyvilon
Fedhas
Gozag
Hepliaklqana
Kikubaaqudgha
Makhleb
Nemelex Xobeh
Okawaru
Qazlal
Ru
Sif Muna
Trog
Uskayaw
Vehumet
Wu Jian
Xom
Yredelemnul
Zin
The Shining One
Jiyva

Shops:
D:3 ?[[*?   D:10 [   D:13 *   D:14 (   Orc:1 *   Orc:2 :[*(

Portals:
Hell: Lair:6

Annotations:
D:14 3 runed translucent doors, Shym's ghost, journeyman DDNe
Swamp:2 exclusions: 2 ice statues and oklob plant
Elf:1 6 runed translucent doors


Innate Abilities, Weirdness & Mutations

You have a pair of large antennae on your head. (SInv)
You are completely covered in molten scales. (AC +4, rF+)
Your demonic aura sometimes causes spilled blood to erupt in flames.
You are mostly covered in sharp spines.
You punish those that try to bend your will. (Will+)


Message History

The swamp dragon breathes poison at you.
The blast of poison misses you.
You puncture the swamp dragon!
The swamp dragon is heavily wounded.
You are engulfed in poison gas.
You are poisoned.
* * * LOW HITPOINT WARNING * * *
You feel sick.
You hit the swamp dragon.
The swamp dragon is heavily wounded.
You are engulfed in poison gas.
You are more poisoned.
* * * LOW HITPOINT WARNING * * *
x2 You feel very sick.
You block the swamp dragon's attack. x2; The swamp dragon closely misses you.
You puncture the swamp dragon!
The swamp dragon is severely wounded.
You are engulfed in poison gas.
You are lethally poisoned!
* * * LOW HITPOINT WARNING * * *
You feel very sick.
You puncture the swamp dragon!
The swamp dragon is almost dead.
You are engulfed in poison gas.
You are more poisoned.
* * * LOW HITPOINT WARNING * * *
x2 You feel very sick.
You block the swamp dragon's attack. x3
You puncture the swamp dragon!
You kill the swamp dragon!
Cheibriados thoroughly appreciates the change of pace.
You are engulfed in poison gas.
You are more poisoned.
* * * LOW HITPOINT WARNING * * *
x2 You feel very sick.
You are confused.
You feel invigorated.
You are engulfed in poison gas.
You are more poisoned.
* * * LOW HITPOINT WARNING * * *
You die...

♣♣ {{ ♣♣○♣ {{
♣@♣ {{ ♣○°♣
♣○♣♣ ♣♣♣ k..
{{ ≈D. #≈≈
#≈≈(
♣..≈..♣♣♣♣♣♣♣♣
#.≈.


There were no monsters in sight!

Vanquished Creatures
  Jorgrun (Swamp:2)
  Gastronok (D:8)
  Frances (Swamp:2)
  A tentacled starspawn (Abyss:2)
  Roxanne (D:14)
  Aizul (Swamp:2)
  3 fenstrider witches
  2 orc warlords (Orc:1)
  3 ghouls (Swamp:2)
  An ophan (Abyss:2)
  A dire elephant (Lair:6)
  Nessos (D:14)
  2 deep elf demonologists (Elf:1)
  2 bunyips
  An ettin (D:15)
  6 eleionomae
  A deep elf high priest (Elf:1)
  Josephine (D:12)
  2 ghost crabs
  2 boulder beetles
  18 hydras
  A spriggan air mage (Swamp:2)
  3 centaur warriors
  An ogre mage (D:13)
  22 dancing weapons
  2 catoblepae
  5 alligators
  6 two-headed ogres
  10 death yaks
  3 tengu warriors
  Urug (Lair:2)
  7 large abominations (Abyss:2)
  Nergalle (Lair:2)
  Sonja (Lair:2)
  10 deep elf knights
  A soul eater (Abyss:2)
  4 orc high priests
  A wretched star (Abyss:2)
  4 skeletal warriors (D:14)
  4 goliath frogs
  A sixfirhy (Lair:6)
  3 spriggan druids
  A death drake (Swamp:3)
  A shadow demon (Abyss:2)
  A wizard (Lair:6)
  10 swamp dragons
  2 lindwurms
  8 deep elf archers
  4 bog bodies
  11 deep elf zephyrmancers
  A deep troll (D:15)
  5 orc knights
  19 deep elf pyromancers
  A necromancer (D:15)
  5 orc sorcerers
  2 will-o-the-wisps
  5 cyclopes
  2 oklob plants
  14 ugly things
  2 manticores
  A worldbinder (Abyss:2)
  17 elephants
  Joseph (D:9)
  A torpor snail (Lair:2)
  Maurice (Orc:1)
  4 smoke demons
  2 gargoyles
  2 orange demons
  7 cane toads
  10 komodo dragons
  A kobold demonologist (D:9)
  2 efreet (D:14)
  4 rime drakes (Lair:6)
  2 tengu conjurers (D:14)
  A freezing wraith (D:15)
  An ice devil (Lair:6)
  A queen bee (Lair:5)
  3 meliai (Lair:5)
  3 polar bears
  A troll (shapeshifter) (D:15)
  An ancient zyme (Abyss:2)
  3 red devils (Lair:6)
  12 trolls
  A tyrant leech (Swamp:1)
  A raiju (Abyss:2)
  6 hornets
  19 slime creatures
  7 blink frogs
  A hydra skeleton (Abyss:2)
  A spriggan (shapeshifter) (D:15)
  4 flying skulls (Abyss:2)
  9 wraiths
  5 spriggans
  2 water elementals (Elf:1)
  5 wyverns
  48 yaks
  2 fire elementals
  16 humans (D:14)
  6 basilisks
  2 steam dragons
  7 vampire mosquitoes
  A chaos spawn (Abyss:2)
  5 wargs
  17 swamp worms
  2 acid dragons
  2 nagas (Lair:3)
  6 hell hounds
  11 water moccasins
  44 orc warriors
  An ice beast (D:5)
  2 sky beasts
  2 small abominations (Abyss:2)
  2 black bears
  A swamp drake (Swamp:3)
  4 necrophages
  18 centaurs
  9 wolves
  11 ogres
  A phantom (D:7)
  4 kobold brigands
  12 bullfrogs
  A wyvern zombie (D:8)
  2 scorpions
  A water moccasin zombie (D:5)
  A water moccasin skeleton (D:5)
  25 killer bees
  5 wights
  3 electric eels (D:12)
  A bullfrog zombie (D:5)
  7 centaur zombies
  A human zombie (Ossuary)
  2 hounds (D:5)
  A jelly (D:5)
  25 orc priests
  3 centaur skeletons
  An iron imp (Abyss:2)
  A gnoll shaman (Orc:1)
  7 iguanas
  25 orc wizards
  A killer bee zombie (D:7)
  2 hound skeletons
  2 mummies (Ossuary)
  8 adders
  10 gnolls
  3 ufetubi
  2 adder skeletons (D:4)
  A worm (D:4)
  5 dart slugs
  93 orcs
  7 endoplasms
  5 giant cockroaches
  3 goblins
  7 hobgoblins
  4 jackals (D:4)
  4 quokkas
  6 ball pythons
  7 bats
  2 frilled lizards
  A gnoll zombie (Ossuary)
  4 goblin zombies (Ossuary)
  A hobgoblin zombie (Ossuary)
  22 kobolds
  7 orc zombies (Ossuary)
  27 rats
  A bush (Lair:2)
  A starspawn tentacle (Abyss:2)
963 creatures vanquished.

Vanquished Creatures (others)
  A deep elf pyromancer (Elf:1)
  2 bloated husks
  2 orc wizards
  A bush (Lair:5)
  16 foxfires
  31 fungi
  59 plants
  A starspawn tentacle (Abyss:2)
113 creatures vanquished.

Grand Total: 1076 creatures vanquished

Notes
Turn   | Place    | Note
-------+----------+-------------------------------------------
     0 | D:1      | senseless the Demonspawn Gladiator began the quest for the
                  | Orb.
     0 | D:1      | Reached XP level 1. HP: 16/16 MP: 1/1
   203 | D:1      | Gained mutation: Your demonic aura sometimes causes spilled
                  | blood to erupt in flames. [demonic ancestry]
   203 | D:1      | Reached XP level 2. HP: 8/22 MP: 2/2
   747 | D:1      | Reached skill level 1 in Armour
  1068 | D:1      | Reached XP level 3. HP: 27/27 MP: 3/3
  1391 | D:2      | Learned a level 1 spell: Pain
  1504 | D:2      | Reached skill level 1 in Short Blades
  1611 | D:2      | Gained mutation: You are partially covered in sharp spines.
                  | [demonic ancestry]
  1611 | D:2      | Reached XP level 4. HP: 34/34 MP: 4/4
  1797 | D:2      | Found a faded altar of an unknown god.
  1810 | D:2      | Became a worshipper of Uskayaw the Reveller
  1810 | D:2      | Reached * piety under Uskayaw
  1997 | D:3      | Reached ** piety under Uskayaw
  1999 | D:3      | Reached *** piety under Uskayaw
  2033 | D:3      | Found Ustuprutt's Magic Scroll Shoppe.
  2041 | D:3      | Bought a scroll of fear for 35 gold pieces
  2041 | D:3      | Bought a scroll of enchant armour for 75 gold pieces
  2127 | D:3      | Found Hedudgh's Armour Emporium.
  2164 | D:3      | Found Jyugemn's Magic Scroll Shop.
  2226 | D:3      | Gained mutation: You have a pair of small antennae on your
                  | head. [demonic ancestry]
  2226 | D:3      | Reached XP level 5. HP: 39/39 MP: 5/5
  2397 | D:3      | Found Hulooss's Assorted Antiques.
  2478 | D:3      | Found Rauh's Armour Boutique.
  2700 | D:4      | Reached **** piety under Uskayaw
  2701 | D:4      | Reached skill level 1 in Stealth
  2757 | D:4      | Gained mutation: You punish those that try to bend your
                  | will. (Will+) [demonic ancestry]
  2757 | D:4      | Reached XP level 6. HP: 46/46 MP: 6/6
  3431 | D:4      | Identified a scroll of acquirement
  3431 | D:4      | Acquired the amulet "Mexkeyti" {RegenMP rF+ Will+}
  3439 | D:5      | Entered Level 5 of the Dungeon
  3465 | D:5      | Reached XP level 7. HP: 42/52 MP: 7/7
  3478 | D:5      | Reached skill level 1 in Shields
  3648 | D:5      | Found a staircase to the Ecumenical Temple.
  3750 | Temple   | Entered the Ecumenical Temple
  3889 | Temple   | Fell from the grace of Uskayaw
  3889 | Temple   | Became a worshipper of Cheibriados the Contemplative
  4301 | D:5      | Reached skill level 5 in Short Blades
  4301 | D:5      | Gained mutation: You are partially covered in molten
                  | scales. (AC +2) [demonic ancestry]
  4301 | D:5      | Reached XP level 8. HP: 51/60 MP: 8/8
  4697 | D:5      | Reached * piety under Cheibriados
  4890 | D:5      | Noticed a two-headed ogre
  4902 | D:5      | Killed a two-headed ogre
  4903 | D:5      | Reached skill level 5 in Dodging
  4903 | D:5      | Reached XP level 9. HP: 30/67 MP: 9/9
  5888 | D:6      | Reached skill level 5 in Fighting
  6601 | D:7      | Reached ** piety under Cheibriados
  6693 | D:7      | You fall into a shaft and drop 1 floor!
  6703 | D:8      | Reached skill level 1 in Necromancy
  6706 | D:8      | Reached skill level 1 in Spellcasting
  6757 | D:8      | Found a sand-covered staircase.
  6764 | Ossuary  | Entered an ossuary
  7120 | D:8      | Noticed a troll
  7126 | D:8      | Killed a troll
  7285 | D:8      | Reached *** piety under Cheibriados
  7287 | D:8      | Noticed Gastronok
  7332 | D:8      | Killed Gastronok
  7333 | D:8      | Gained mutation: You have a pair of antennae on your head.
                  | [demonic ancestry]
  7333 | D:8      | Reached XP level 10. HP: 46/76 MP: 11/13
  7743 | D:9      | Noticed Joseph
  7759 | D:9      | Killed Joseph
  7858 | D:9      | Reached skill level 5 in Shields
  8050 | D:9      | Was forgiven by Uskayaw
  8067 | D:9      | Found an iron altar of Okawaru.
  8301 | D:9      | Noticed a boulder beetle
  8322 | D:9      | Killed a boulder beetle
  8323 | D:9      | Gained mutation: You are mostly covered in molten scales.
                  | (AC +3) [demonic ancestry]
  8323 | D:9      | Reached XP level 11. HP: 51/82 MP: 15/15
  8499 | D:9      | Reached **** piety under Cheibriados
  9026 | D:10     | Entered Level 10 of the Dungeon
  9042 | D:9      | Reached skill level 5 in Armour
  9176 | D:10     | Reached skill level 5 in Throwing
  9203 | D:10     | Found Anaidip's Antique Armour Boutique.
  9275 | D:7      | Found a shimmering blue altar of Sif Muna.
  9275 | D:7      | Found an ornate altar of the Wu Jian Council.
  9931 | D:7      | Noticed a five-headed hydra
  9961 | D:7      | HP: 3/83 [five-headed hydra (6)]
  9963 | D:7      | Killed a five-headed hydra
 10414 | D:3      | Bought the +3 pair of gauntlets of War {Slay+5} for 570
                  | gold pieces
 10414 | D:3      | Found the +3 pair of gauntlets of War {Slay+5}
 10710 | D:10     | Reached skill level 5 in Necromancy
 10768 | D:10     | Reached ***** piety under Cheibriados
 10839 | D:10     | Found a staircase to the Lair.
 11247 | D:10     | Learned a level 2 spell: Wereblood
 11517 | D:11     | Reached XP level 12. HP: 91/91 MP: 17/19
 11887 | D:11     | Found a gateway to a bazaar.
 11903 | Bazaar   | Entered a bazaar
 11917 | Bazaar   | Found Vino's Book Shoppe.
 11917 | Bazaar   | Found Zaaciph's Antique Armour Emporium.
 11939 | Bazaar   | Found Mokletz's Antique Weapon Shoppe.
 11939 | Bazaar   | Found Jeaf's Antique Armour Emporium.
 11961 | Bazaar   | Found Rium's Armour Emporium.
 12037 | Bazaar   | Bought a jewelled ring mail for 234 gold pieces
 12037 | Bazaar   | Identified the +8 ring mail "Ihudowa" {rF++ rCorr Dex-5}
                  | (You bought it in a shop in a bazaar)
 12583 | D:12     | Reached ****** piety under Cheibriados
 13094 | D:12     | Found a staircase to the Orcish Mines.
 13296 | D:12     | Reached skill level 5 in Spellcasting
 13885 | D:13     | Noticed an eight-headed hydra
 13904 | D:13     | Killed an eight-headed hydra
 14266 | D:13     | Found Ussammukku's General Store.
 14273 | D:13     | Bought a potion of curing for 51 gold pieces
 14282 | D:13     | Noticed a two-headed ogre
 14294 | D:13     | Killed a two-headed ogre
 14300 | D:13     | Noticed an ogre mage
 14301 | D:13     | Noticed a two-headed ogre
 14304 | D:13     | Noticed a two-headed ogre
 14306 | D:13     | Noticed a two-headed ogre
 14318 | D:13     | Killed a two-headed ogre
 14324 | D:13     | Killed a two-headed ogre
 14326 | D:13     | Killed a two-headed ogre
 14333 | D:13     | Killed an ogre mage
 14533 | D:13     | Noticed an eight-headed hydra
 14558 | D:13     | Killed an eight-headed hydra
 14922 | D:13     | Gained mutation: You have a pair of large antennae on your
                  | head. (SInv) [demonic ancestry]
 14922 | D:13     | Reached XP level 13. HP: 98/98 MP: 21/21
 15548 | D:14     | Found Pubu Felosa's Antique Weapon Emporium.
 15644 | D:14     | Identified Roxanne's Incunabulum of the Rocks
 15644 | D:14     | Noticed Roxanne
 15694 | D:14     | Killed Roxanne
 16111 | D:14     | Noticed Nessos
 16131 | D:14     | Killed Nessos
 16658 | D:14     | Found a gate to the Vaults.
 16963 | D:14     | Found a runed translucent gate.
 16963 | D:14     | Found a runed translucent gate.
 16965 | D:14     | Found a runed translucent gate.
 16966 | D:14     | Noticed Shym's ghost (journeyman DDNe)
 17259 | D:15     | Entered Level 15 of the Dungeon
 17324 | D:15     | Gained mutation: You are completely covered in molten
                  | scales. (AC +4, rF+) [demonic ancestry]
 17324 | D:15     | Reached XP level 14. HP: 99/108 MP: 24/24
 17880 | D:15     | Found a staircase to the Depths.
 18112 | D:15     | Reached skill level 10 in Short Blades
 19080 | Depths:1 | Entered Level 1 of the Depths
 19080 | Depths:1 | Noticed a red very ugly thing
 19080 | Depths:1 | Noticed a red very ugly thing
 19080 | Depths:1 | Noticed a red very ugly thing
 19080 | Depths:1 | Noticed a red very ugly thing
 19080 | Depths:1 | Noticed a red very ugly thing
 19081 | Depths:1 | Noticed a red very ugly thing
 19188 | Orc:1    | Entered Level 1 of the Orcish Mines
 19188 | Orc:1    | Noticed Josephine
 19198 | D:12     | Killed Josephine
 19643 | Orc:1    | Noticed Maurice
 19654 | Orc:1    | Killed Maurice
 19823 | Orc:1    | Found Puhilim's General Store.
 19839 | Orc:1    | Bought a scroll of identify for 30 gold pieces
 20197 | Orc:2    | Entered Level 2 of the Orcish Mines
 20197 | Orc:2    | Found Wutwidgh's Antique Armour Shoppe.
 20287 | Orc:2    | Paralysed by an orc sorcerer for 5 turns
 20353 | Orc:2    | Found Enlos's General Store.
 20466 | Orc:2    | Noticed an orc warlord
 20490 | Orc:1    | Upgraded the game from 0.27-a0-1301-g128193abf8 to
                  | 0.27-a0-1308-gc08437e49b
 20497 | Orc:1    | Killed an orc warlord
 21034 | Orc:2    | Noticed an orc warlord
 21048 | Orc:1    | Killed an orc warlord
 21329 | Orc:2    | Found Efadwenu's Book Emporium.
 21345 | Orc:2    | Found a staircase to the Elven Halls.
 21369 | Orc:2    | Found Ysunoc's Antique Weapon Boutique.
 21777 | Elf:1    | Entered Level 1 of the Elven Halls
 21789 | Elf:1    | Learned a level 5 spell: Agony
 21867 | Elf:1    | Paralysed by an orc sorcerer for 7 turns
 22294 | Elf:1    | Reached skill level 10 in Fighting
 22300 | Elf:1    | Reached XP level 15. HP: 103/115 MP: 22/26
 22316 | Elf:1    | Noticed a Tzitzimitl
 22688 | Elf:1    | Cast into level 2 of the Abyss (a deep elf demonologist)
 22774 | Abyss:2  | Noticed a tentacled starspawn
 22787 | Abyss:2  | Killed a tentacled starspawn
 22821 | Abyss:2  | Noticed an Executioner
 23791 | Elf:1    | Escaped the Abyss
 23794 | Elf:1    | Noticed a Brimstone Fiend
 23807 | Elf:1    | Reached skill level 10 in Dodging
 23810 | Elf:1    | Found a runed translucent gate.
 23810 | Elf:1    | Found a runed translucent gate.
 23810 | Elf:1    | Found a runed translucent gate.
 23810 | Elf:1    | Found a runed translucent gate.
 23810 | Elf:1    | Found a runed translucent gate.
 23811 | Elf:1    | Found a runed translucent gate.
 23811 | Elf:1    | Noticed a shadow dragon
 23811 | Elf:1    | Noticed an iron dragon
 24936 | Elf:2    | Reached skill level 10 in Necromancy
 25623 | Elf:2    | Found a huge runed translucent gate.
 25623 | Elf:2    | Found a huge runed translucent gate.
 25623 | Elf:2    | Found a huge runed translucent gate.
 25625 | Elf:2    | Found a huge runed translucent gate.
 25626 | Elf:2    | Found a huge runed translucent gate.
 26556 | Elf:2    | Gained mutation: You are mostly covered in sharp spines.
                  | [demonic ancestry]
 26556 | Elf:2    | Reached XP level 16. HP: 74/124 MP: 28/28
 27934 | Lair:1   | Entered Level 1 of the Lair of Beasts
 28461 | D:3      | Bought a scroll of identify for 20 gold pieces
 28461 | D:3      | Bought a scroll of identify for 20 gold pieces
 28461 | D:3      | Bought a scroll of enchant weapon for 75 gold pieces
 28515 | D:3      | Bought a scroll of identify for 20 gold pieces
 28515 | D:3      | Bought a scroll of enchant weapon for 75 gold pieces
 28515 | D:3      | Bought a scroll of identify for 20 gold pieces
 29798 | Lair:2   | Noticed Urug
 29805 | Lair:2   | Killed Urug
 30046 | Lair:2   | Noticed Nergalle
 30054 | Lair:2   | Killed Nergalle
 30062 | Lair:2   | Noticed Sonja
 30079 | Lair:2   | Killed Sonja
 30573 | Lair:3   | Found a staircase to the Swamp.
 30727 | Lair:3   | Reached skill level 10 in Shields
 30969 | Lair:3   | Found a staircase to the Snake Pit.
 31110 | Lair:3   | Found a hazy altar of Hepliaklqana.
 31593 | Lair:4   | Reached skill level 10 in Armour
 31958 | Lair:4   | Reached skill level 10 in Throwing
 33220 | Lair:6   | Entered Level 6 of the Lair of Beasts
 33524 | Lair:6   | Found a shimmering altar of Xom.
 33704 | Lair:6   | Reached XP level 17. HP: 119/131 MP: 30/30
 34073 | Lair:6   | Learned a level 3 spell: Stone Arrow
 34132 | Lair:6   | Found a viscous altar of Jiyva.
 34133 | Lair:6   | Found a staircase to the Slime Pits.
 34384 | Lair:6   | Found a burning altar of Makhleb.
 34404 | Lair:6   | Found a gateway to Hell.
 34722 | Lair:6   | Identified the +3 shortbow of Wepupi {vorpal, rC- rN+++
                  | Str+5}
 35087 | Swamp:1  | Entered Level 1 of the Swamp
 36027 | Swamp:2  | Noticed Aizul
 36039 | Swamp:2  | Killed Aizul
 36233 | Swamp:2  | Found a frozen archway.
 36861 | Swamp:2  | Reached skill level 10 in Spellcasting
 37728 | Swamp:2  | Noticed Frances
 37740 | Swamp:2  | Killed Frances
 37876 | Swamp:2  | Noticed Jorgrun
 37889 | Swamp:2  | Killed Jorgrun
 40377 | Swamp:4  | Entered Level 4 of the Swamp
 41096 | Swamp:4  | Succumbed to poison (poison gas)

Illustrated notes

Levels and vault maps discovered:
D:1:      minmay_arrival_shattered_statue, layout_basic
D:2:      layout_loops_cross, chequers_ecumenical_altar_simple, minmay_rat_hole
D:3:      layout_loops_ring, serial_bayou, serial_bayou_shore_b,
          serial_bayou_lagoon_a, serial_bayou_pond_c, serial_bayou_pond_b,
          serial_shops, shop_fountains, shop, shop_scrolls, nicolae_square_shop,
          nicolae_shop_trees, minmay_misc_feat_hallway
D:4:      layout_basic, chequers_mini_garden
D:5:      layout_rooms, minmay_temple_entry_butterflies,
          hangedman_decor_peaks_small, minmay_joined_circles
D:6:      layout_basic
D:7:      layout_loops_cross, chequers_temple_overflow_statue_of_worship,
          chequers_serial_rivers_marsh, minmay_shattered_shrine
D:8:      layout_cave_pools, chequers_ossuary_entry_cave, minmay_diced_spiral,
          uniq_gastronok
D:9:      layout_layer_cave, okawaru_metal_pillars_3, uniq_joseph
D:10:     layout_small_grid, erik_lair_dragon, serial_shops,
          nicolae_shop_overgrown_old_shop
D:11:     layout_loops_cross, serial_shops, bzr_in_the_mist
D:12:     layout_roguey, erik_orc_2
D:13:     layout_long_grid, serial_shops, nicolae_shop_stone
D:14:     layout_loops_ring, david_vaults_3, gammafunk_ghost_hydra_chop,
          nrook_pool_corridor, serial_shops, nicolae_diamond_shop, uniq_roxanne,
          uniq_nessos
D:15:     hangedman_depths_entry_civil_slaughter, layout_layer_cave,
          hangedman_abyss_or_decor_passed, serial_bayou_pond_b
Temple:   hc_temple_tempest_star
Lair:1:   layout_layer_cave, nicolae_lair_grove_arrangements,
          minmay_lair_oklob_items
Lair:2:   layout_big_grid, minmay_lair_oklob_bushes,
          grunt_forest_small_clearing_treed, grunt_megastairs_1, uniq_urug,
          uniq_sonja, uniq_nergalle
Lair:3:   layout_cellular_growth, minmay_swamp_entry_worms,
          guppyfry_snake_entry_garden, chequers_serial_rivers_micro_a,
          lemuel_centaur_altar
Lair:4:   layout_misc_corridors
Lair:5:   layout_loops_ring, special_room [special_room_bee],
          beast_lair_carwin_6, lemuel_fruit_fields
Lair:6:   evil_forest, layout_cave_shapes, slime_altar_1, basic_altar,
          grunt_megastairs_2
Swamp:1:  layout_basic_swamp, evilmike_swamp_ruin_rubble_2
Swamp:2:  layout_falls_marsh, portal_ice_cave_entry_ice_statue_two,
          ebering_ghost_inner_flame, evilmike_swamp_ruin_house_2,
          nicolae_swamp_oklob_treasure_island, uniq_jorgrun, uniq_frances,
          uniq_aizul
Swamp:3:  layout_basic_swamp, serial_swamp_ruin, evilmike_swamp_ruin_rubble_1,
          evilmike_swamp_ruin_house_3
Swamp:4:  swamp_basic_johnstein, layout_basic_swamp, swamp_pool5, ldierk_geyser
Orc:1:    layout_diamond_mine, serial_shops, nicolae_square_shop, rock_pile,
          uniq_maurice, uniq_josephine
Orc:2:    grunt_orc_gardens, layout_caves, grunt_orc_garden, grunt_orc_garden,
          grunt_orc_garden, grunt_orc_garden
Elf:1:    layout_loops_corners, orc_legates
Elf:2:    layout_geoelf_grid, billiards_dpeg
Depths:1: layout_forbidden_donut, hangedman_abyss_entry_splay, lightli_too_deep,
          minivault_14, lemuel_freeze_loot_1, grunt_megastairs_5,
          minmay_shoptagon, kennysheep_random_hallway, uniq_sojobo

Skill      XL: |  1  2  3  4  5  6  7  8  9 10 11 12 13 14 15 16 17 |
---------------+----------------------------------------------------+-----
Axes           | 3 |  3.0
Armour         | 1 2 4 5 6 7 8 9 10 | 10.9
Dodging        | 3 4 5 6 7 8 9 10 11 | 11.6
Short Blades   | 1 2 3 5 6 7 8 9 10 11 12 | 12.2
Stealth        | 1 2 3 |  3.0
Fighting       | 3 4 5 6 7 8 9 10 11 12 | 12.1
Shields        | 1 3 4 5 6 7 8 9 10 11 | 11.0
Throwing       | 2 3 4 5 6 7 8 9 10 | 10.8
Necromancy     | 3 4 5 7 8 9 10 11 12 | 12.1
Spellcasting   | 2 3 4 5 6 7 8 9 10 | 10.3

Action                   |  1- 3 |  4- 6 |  7- 9 | 10-12 | 13-15 | 16-18 || total
-------------------------+-------+-------+-------+-------+-------+-------++-------
Melee: War axe           |    28 |       |       |       |       |       ||    28
       Short sword       |   137 |   123 |   307 |   570 |   997 |   802 ||  2936
Throw: Dart              |       |     2 |    44 |   381 |   174 |   178 ||   779
       Boomerang         |       |       |    34 |       |       |       ||    34
       Throwing net      |       |       |       |       |     6 |       ||     6
 Cast: Pain              |     1 |     1 |     1 |    32 |    19 |       ||    54
       Wereblood         |       |       |       |     1 |     6 |     3 ||    10
Invok: Slouch            |       |       |       |     1 |     6 |     1 ||     8
  Use: Scroll            |     4 |    10 |     8 |     3 |    14 |    10 ||    49
       Potion            |     2 |       |       |     3 |       |     7 ||    12
 Stab: Paralysed         |       |     3 |       |       |       |       ||     3
       Sleeping          |       |     2 |     1 |     1 |     2 |     8 ||    14
       Distracted        |       |     1 |     2 |       |    20 |    23 ||    46
       Held in net/web   |       |       |       |       |     3 |       ||     3
Armor: Leather armour    |    82 |    46 |    38 |       |       |       ||   166
       Ring mail         |       |       |    44 |    80 |   210 |   210 ||   544
       Troll leather arm |       |       |     8 |    67 |       |       ||    75
Dodge: Dodged            |   100 |    60 |   129 |   301 |   393 |   441 ||  1424
       Repelled          |       |     1 |     2 |     1 |    11 |       ||    15
Block: Buckler           |    21 |    15 |   116 |   338 |   557 |   495 ||  1542
       Reflection        |       |       |     6 |    14 |    62 |    20 ||   102

Table legend: (Time is in decaauts)
 A = Elapsed time spent in this place.
 B = Non-inter-level travel time spent in this place.
 C = Inter-level travel time spent in this place.
 D = Time resting spent in this place.
 E = Time spent auto-exploring this place.
 F = Levels seen in this place.
 G = Mean time per level.
                   A        B        C        D        E       F      G
               +--------+--------+--------+--------+--------+-----+--------+
         Total |  57323 |  52623 |   4700 |   6278 |  38462 |  34 | 1686.0 |
       Dungeon |  26962 |  24050 |   2912 |   1547 |  18859 |  15 | 1797.5 |
        Temple |    183 |    169 |     14 |      0 |    159 |   1 |  183.0 |
          Lair |  10409 |   9839 |    570 |    569 |   8125 |   6 | 1734.8 |
         Swamp |   7861 |   7638 |    223 |   2557 |   4294 |   4 | 1965.2 |
  Orcish Mines |   3532 |   2950 |    582 |    456 |   1803 |   2 | 1766.0 |
   Elven Halls |   6343 |   5945 |    398 |   1097 |   3960 |   2 | 3171.5 |
        Depths |      1 |      1 |      0 |      0 |      0 |   1 |    1.0 |
         Abyss |   1500 |   1500 |      0 |     51 |    965 |   1 | 1500.0 |
        Bazaar |    324 |    324 |      0 |      0 |    165 |   1 |  324.0 |
       Ossuary |    204 |    204 |      0 |      0 |    130 |   1 |  204.0 |
               +--------+--------+--------+--------+--------+-----+--------+

Top non-repeatable levels by time:
   Elf:2: 3330 daAuts
    D:15: 3079 daAuts
   Elf:1: 3012 daAuts
 Swamp:2: 2939 daAuts
    D:12: 2871 daAuts
    D:14: 2481 daAuts
  Lair:6: 2439 daAuts
    D:13: 2377 daAuts
 Swamp:3: 2373 daAuts
  Lair:1: 2288 daAuts
   Orc:1: 2262 daAuts
     D:5: 2240 daAuts
     D:9: 2121 daAuts
 Swamp:1: 2050 daAuts
     D:7: 1939 daAuts
